 Dungeon Crawl Stone Soup version 0.31-a0-230-g09eb5fc4d3 (webtiles) character file.

Game seed: 14756959125421459107

138 qw the Shooter (level 5, -3/42 HPs)
             Began as a Minotaur Hexslinger on July 6, 2023.
             Slain by Terence
             ... wielding a +0 flail
              (5 damage)
             ... on level 3 of the Dungeon.
             The game lasted 00:00:49 (1778 turns).

qw the Shooter (Minotaur Hexslinger)                Turns: 1778, Time: 00:00:49

Health: -3/42      AC:  5    Str: 12    XL:     5   Next: 1%
Magic:  5/5        EV: 11    Int: 10    God:
Gold:   75         SH:  0    Dex: 15    Spells: 5/6 levels left

rFire   . . .        Y - +1 sling
rCold   . . .        (no shield)
rNeg    . . .        j - +0 ring mail
rPois   .            (helmet restricted)
rElec   .            (no cloak)
rCorr   +            (no gloves)
SInv    .            (no boots)
Will    +....        (no amulet)
Stlth   +            c - ring of willpower
HPRegen 0.27/turn    d - ring of resist corrosion
MPRegen 0.09/turn

%: no passive effects
@: no status effects
A: horns 2, retaliatory headbutt
a: no special abilities


You were on level 3 of the Dungeon.
You visited 1 branch of the dungeon, and saw 3 of its levels.

You collected 75 gold pieces.


Innate Abilities, Weirdness & Mutations

You have a pair of horns on your head.
You reflexively headbutt those who attack you in melee.


   Skills:
 + Level 2.6 Fighting
 - Level 5.1 Ranged Weapons
 - Level 1.1 Armour
 - Level 2.1 Dodging
 - Level 1.0 Spellcasting
 - Level 2.0 Hexes


You had 5 spell levels left.
You knew the following spells:

 Your Spells              Type           Power      Damage    Failure   Level
a - Slow                  Hex            16%        N/A       34%         1

Your spell library contained the following spells:

 Spells                   Type           Power      Damage    Failure   Level
 Inner Flame              Hex/Fire       2%         N/A       83%         3
 Portal Projectile        Hex/Tloc       4%         N/A       83%         3
 Cause Fear               Hex            2%         N/A       98%         4

Inventory:

Hand Weapons
 Y - a +1 sling (weapon)
Armour
 j - a +0 ring mail (worn)
Jewellery
 c - a ring of willpower (left hand)
 d - a ring of resist corrosion (right hand)
Scrolls
 a - a scroll of enchant armour
 e - a scroll of identify
Potions
 b - a potion of curing {unknown}
 f - a potion of mutation {unknown}

Dungeon Overview and Level Annotations

Branches:
Dungeon (3/15)

Altars:

Annotations:
D:3 Terence


Message History

An orc comes into view. It is wielding a +0 hand axe of pain.
You shoot a sling bullet. The orc shouts!
The sling bullet hits Terence.
Terence is lightly wounded.
Terence closely misses you. You furiously retaliate!
You headbutt Terence. You shoot a sling bullet.
The sling bullet hits Terence but does no damage.
Terence is heavily wounded.
An orc comes into view. It is wielding a +0 dagger.
Terence hits you with a +0 flail!
You shoot a sling bullet. The sling bullet hits Terence.
Terence is heavily wounded.
Terence misses you. You furiously retaliate!
You headbutt Terence, but do no damage. You shoot a sling bullet.
The sling bullet hits Terence but does no damage.
Terence is heavily wounded.
Terence hits you with a +0 flail.
You shoot a sling bullet.
The sling bullet hits Terence but does no damage.
Terence is heavily wounded.
A bat comes into view.
Terence hits you with a +0 flail. The orc hits you with a +0 flail!
Terence closely misses you.
You shoot a sling bullet.
The sling bullet hits Terence but does no damage.
Terence is heavily wounded.
Terence closely misses you. The orc hits you with a +0 flail.
You shoot a sling bullet. The sling bullet barely misses Terence.
The sling bullet completely misses the bat.
The orc barely misses you. Terence closely misses you.
You shoot a sling bullet.
The sling bullet closely misses Terence.
Terence hits you with a +0 flail. The orc barely misses you.
You shoot a sling bullet. The sling bullet hits Terence.
Terence is severely wounded.
Terence hits you with a +0 flail. The orc hits you but does no damage.
The orc hits you with a +0 flail. Terence hits you with a +0 flail.
You die...

..#####.###.#
#.......
###.#
#.#######...
#...# #....#
##.. #.###
####.######.
#.# #........
#.# #########
#.# ......
#.# ##### #@#
#o@oo(.#
#ob....#
>..###
#........
......
##.....#.
...... .....#
...### ##.###
.. ..


You could see Terence, 4 orcs and a bat.

Vanquished Creatures
  4 gnolls
  5 adders
  2 worms (D:2)
  2 dart slugs (D:1)
  2 ball pythons
  2 endoplasms
  4 giant cockroaches
  3 goblins
  4 hobgoblins
  5 jackals
  2 quokkas (D:1)
  3 bats
  A frilled lizard (D:1)
  2 kobolds
  2 rats
43 creatures vanquished.

Notes
Turn   | Place    | Note
-------+----------+-------------------------------------------
     0 | D:1      | qw the Minotaur Hexslinger began the quest for the Orb.
     0 | D:1      | Reached XP level 1. HP: 16/16 MP: 1/1
     0 | D:1      | 0 ||| qw: Version: 0.3-a-46-gb1f654a
     0 | D:1      | 0 ||| qw: Game counter: 1805
     0 | D:1      | 0 ||| qw: Melee chars always use a shield: true
     0 | D:1      | 0 ||| qw: God list: Okawaru
     0 | D:1      | 0 ||| qw: Allow faded altars: false
     0 | D:1      | 0 ||| qw: Do Orc after clearing Dungeon:15 true
     0 | D:1      | 0 ||| qw: Do second Lair branch before Depths: true
     0 | D:1      | 0 ||| qw: Lair rune preference: random
     0 | D:1      | 0 ||| qw: Goals: Normal
     0 | D:1      | 0 ||| PLANNING D:1-11
    90 | D:1      | Reached skill level 3 in Ranged Weapons
   128 | D:1      | Reached XP level 2. HP: 15/23 MP: 2/2
   178 | D:1      | 178 ||| FLEEEEING.
   179 | D:1      | 179 ||| FLEEEEING.
   180 | D:1      | 180 ||| FLEEEEING.
   507 | D:1      | 507 ||| UPGRADING to +0 ring mail.
   517 | D:1      | 517 ||| DROPPING +0 robe.
   518 | D:1      | 518 ||| READING scroll labelled YGIAHI NAGALU.
   519 | D:1      | 519 ||| READING scroll labelled MUPPUEQIMO.
   523 | D:1      | 523 ||| READING scroll labelled TAGEJE TUREA.
   524 | D:1      | 524 ||| READING scroll labelled KAIRORPH QOTUZA.
   525 | D:1      | 525 ||| READING scroll labelled GUGOYS ZIZI.
   526 | D:1      | 526 ||| DROPPING scroll of poison.
   568 | D:2      | Reached XP level 3. HP: 26/29 MP: 3/3
   855 | D:2      | Reached skill level 4 in Ranged Weapons
   874 | D:2      | Reached skill level 1 in Armour
   936 | D:2      | Reached XP level 4. HP: 25/36 MP: 4/4
  1057 | D:2      | Found a faded altar of an unknown god.
  1314 | D:2      | 1314 ||| UPGRADING to ring of willpower.
  1315 | D:2      | 1315 ||| UPGRADING to ring of resist corrosion.
  1316 | D:2      | 1316 ||| READING scroll labelled TIBBISS QIUXZI.
  1317 | D:2      | 1317 ||| READING scroll labelled KOESHU SEPTU.
  1432 | D:3      | Reached skill level 5 in Ranged Weapons
  1432 | D:3      | 1432 ||| FLEEEEING.
  1433 | D:3      | 1433 ||| FLEEEEING.
  1434 | D:3      | 1434 ||| FLEEEEING.
  1435 | D:3      | 1435 ||| FLEEEEING.
  1436 | D:3      | 1436 ||| FLEEEEING.
  1437 | D:3      | 1437 ||| FLEEEEING.
  1438 | D:3      | 1438 ||| FLEEEEING.
  1439 | D:3      | 1439 ||| FLEEEEING.
  1440 | D:3      | 1440 ||| FLEEEEING.
  1441 | D:3      | 1441 ||| FLEEEEING.
  1442 | D:3      | 1442 ||| FLEEEEING.
  1443 | D:3      | 1443 ||| FLEEEEING.
  1444 | D:3      | 1444 ||| FLEEEEING.
  1445 | D:3      | 1445 ||| FLEEEEING.
  1446 | D:3      | 1446 ||| FLEEEEING.
  1447 | D:3      | 1447 ||| FLEEEEING.
  1448 | D:3      | 1448 ||| FLEEEEING.
  1449 | D:3      | 1449 ||| FLEEEEING.
  1451 | D:3      | 1451 ||| FLEEEEING.
  1452 | D:3      | 1452 ||| FLEEEEING.
  1453 | D:3      | 1453 ||| FLEEEEING.
  1454 | D:3      | 1454 ||| FLEEEEING.
  1455 | D:3      | 1455 ||| FLEEEEING.
  1456 | D:3      | 1456 ||| FLEEEEING.
  1457 | D:3      | 1457 ||| FLEEEEING.
  1458 | D:3      | 1458 ||| FLEEEEING.
  1459 | D:3      | 1459 ||| FLEEEEING.
  1460 | D:3      | 1460 ||| FLEEEEING.
  1461 | D:3      | 1461 ||| FLEEEEING.
  1462 | D:3      | 1462 ||| FLEEEEING.
  1463 | D:3      | 1463 ||| STAIRDANCE
  1527 | D:2      | 1527 ||| READING scroll labelled CEGANARCHAS.
  1533 | D:3      | 1533 ||| STAIRDANCE
  1606 | D:3      | Reached XP level 5. HP: 42/42 MP: 5/5
  1767 | D:3      | Noticed Terence
  1778 | D:3      | HP: 5/42 [Terence/+0 flail (6)]
  1778 | D:3      | HP: 2/42 [orc/+0 flail (3)]
  1778 | D:3      | Slain by Terence

Levels and vault maps discovered:
D:1:      eino_arrival_water_star, layout_rooms
D:2:      layout_loops_ring, ebering_ecumenical_altar_ruins, serial_forest,
          infiniplex_forest_clump_small, infiniplex_forest_zigzag_2,
          infiniplex_forest_clump_tiny, infiniplex_forest_straight_4,
          infiniplex_forest_lined_corner, grunt_ministairs_2
D:3:      layout_loops_ring, corexii_item_surrounded_by_moat, uniq_terence

Skill      XL: |  1  2  3  4 |
---------------+-------------+-----
Ranged Weapons | 3 4 5 |  5.1
Fighting       | 2 |  2.6
Armour         | 1 |  1.1
Dodging        | |  2.1
Spellcasting   | |  1.0
Hexes          | |  2.0

Action                     |  1- 3 |  4- 6 || total
---------------------------+-------+-------++-------
   Fire: Sling             |    92 |    69 ||   161
    Use: Scroll            |     5 |     3 ||     8
 Armour: Robe              |     5 |       ||     5
         Ring mail         |     4 |    16 ||    20
  Dodge: Dodged            |    34 |    35 ||    69

Table legend:
 A = Non-vault XP
 B = Vault XP
 C = Vault XP percentage of total XP
 D = Non-vault monster count
 E = Vault monster count
 F = Vault count percentage of total count
                 A         B        C        D         E       F
            +---------+---------+-------+---------+---------+-------
      Total |     182 |      16 |   8.1 |      41 |       2 |   4.7
            +---------+---------+-------+---------+---------+-------
        D:1 |      34 |       0 |   0.0 |      16 |       0 |   0.0
        D:2 |      84 |      16 |  16.0 |      17 |       2 |  10.5
        D:3 |      64 |       0 |   0.0 |       8 |       0 |   0.0
            +---------+---------+-------+---------+---------+-------
